Map: Blackpink LE

Players

Serral - Winner!

  • Race: Zerg Zerg
  • Spawn Location: 7:00

Stephano

  • Race: Zerg Zerg
  • Spawn Location: 1:00

Event: WCS Leipzig 2018

VOD

Have the link to the VOD?

Description

Time

  • Played on: Jan. 26, 2018, 12:47 p.m.
  • Length: 26:36

All games in this series

Show
View Real Time Build Order
Export as new Build Order

Serral Zerg - Winner!

Build Orders: Hatch First, Lurkers 

Get SALT Encoding   

  12  0:00  Drone  
  13  0:13  Overlord  
  13  0:17  Drone  
  14  0:31  Drone x2  
  14  0:35  Drone  
  17  0:51  Hatchery  
  17  0:55  Drone  
  17  0:58  Drone  
  18  1:09  Extractor  
  17  1:12  Spawning Pool  
  17  1:15  Drone  
  17  1:19  Drone  
  18  1:28  Drone  
  19  1:38  Overlord  
  19  1:50  Drone  
  20  1:58  Queen  
  20  2:00  Zergling x2  
  23  2:03  Zergling x2, Queen  
  23  2:08  Metabolic Boost  
  26  2:11  Drone  
  27  2:17  Drone  
  27  2:22  Drone  
  29  2:24  Drone  
  30  2:37  Drone  
  30  2:40  Hatchery  
  30  2:46  Queen  
  32  2:54  Baneling Nest, Overlord  
  32  2:58  Drone  
  32  3:00  Drone  
  32  3:02  Zergling x2  
  32  3:04  Zergling x2  
  35  3:08  Drone  
  36  3:13  Zergling x2  
  36  3:14  Drone x2  
  36  3:16  Drone  
  40  3:22  Overlord  
  40  3:23  Drone  
  41  3:29  Drone x2  
  43  3:38  Zergling x2  
  43  3:43  Baneling, Overlord  
  43  3:47  Queen  
  45  3:49  Baneling  
  45  3:51  Zergling x6  
  45  3:53  Overlord  
  48  3:55  Baneling  
  48  3:56  Baneling  
  48  3:59  Zergling x2  
  48  4:01  Drone x3  
  52  4:04  Drone  
  52  4:05  Drone  
  52  4:09  Drone  
  55  4:10  Evolution Chamber  
  55  4:11  Drone  
  55  4:16  Overlord  
  54  4:20  Drone x2  
  54  4:22  Drone  
  57  4:25  Drone x2  
  57  4:28  Extractor  
  57  4:30  Overlord  
  58  4:36  Drone  
  55  4:38  Zergling x2  
  55  4:39  Zergling x6  
  55  4:41  Lair  
  58  4:47  Extractor  
  58  4:51  Roach Warren  
  58  4:52  Zerg Missile Weapons Level 1  
  55  4:53  Zergling x4  
  55  4:55  Drone x2  
  55  4:58  Drone  
  55  4:59  Drone  
  62  5:00  Drone  
  62  5:01  Baneling  
  62  5:02  Drone  
  62  5:05  Drone  
  64  5:10  Overlord  
  64  5:12  Drone x2  
  66  5:20  Zergling x4  
  68  5:22  Drone x2  
  68  5:23  Drone  
  68  5:24  Drone  
  68  5:27  Extractor  
  71  5:28  Overlord  
  71  5:31  Overlord  
  71  5:32  Drone x4  
  71  5:34  Drone x2  
  71  5:35  Drone  
  78  5:37  Drone  
  78  5:39  Extractor  
  77  5:43  Glial Reconstitution  
  77  5:45  Overlord  
  77  5:50  Roach x4  
  84  5:57  Roach  
  84  5:58  Roach x3  
  91  6:06  Roach x5  
  99  6:15  Roach x5  
  108  6:23  Roach x4  
  115  6:29  Overlord  
  115  6:33  Roach x3  
  115  6:36  Overlord  
  121  6:45  Overlord x3  
  121  6:46  Overlord  
  121  6:47  Zerg Missile Weapons Level 2  
  121  6:49  Drone  
  121  6:51  Evolution Chamber  
  121  6:52  Roach x2  
  125  6:59  Drone x6  
  131  7:05  Roach  
  133  7:08  Roach  
  133  7:09  Roach x3  
  133  7:13  Overlord  
  140  7:17  Zerg Ground Armor Level 1  
  140  7:20  Extractor  
  138  7:26  Roach  
  138  7:27  Roach x6  
  146  7:33  Roach  
  146  7:34  Roach x2  
  150  7:43  Roach x6  
  156  7:48  Drone x2  
  154  7:51  Hatchery  
  154  7:55  Roach x2  
  154  7:57  Roach  
  143  8:00  Roach  
  143  8:01  Roach  
  143  8:02  Roach  
  143  8:05  Pneumatized Carapace  
  145  8:08  Roach  
  145  8:09  Roach  
  149  8:19  Roach x5  
  159  8:26  Overlord x2  
  159  8:28  Ravager  
  159  8:29  Ravager x4  
  163  8:36  Roach x6  
  168  8:42  Roach x3  
  168  8:47  Ravager x2, Unknown  
  168  8:48  Unknown  
  170  9:01  Roach x8  
  170  9:14  Roach x8  
  186  9:22  Overseer  
  186  9:23  Overseer  
  184  9:27  Hatchery  
  183  9:33  Hydralisk Den  
  183  9:35  Roach x4  
  179  9:46  Roach x4, Overseer  
  179  9:49  Drone  
  179  9:50  Drone x2  
  179  9:54  Drone  
  179  9:55  Drone  
  179  9:56  Drone  
  181  10:00  Drone  
  181  10:03  Drone  
  178  10:12  Drone  
  178  10:13  Drone x3  
  181  10:20  Lurker Den  
  180  10:24  Drone x4  
  180  10:26  Overseer  
  180  10:28  Unknown  
  184  10:40  Zerg Ground Armor Level 2  
  184  10:43  Burrow  
  184  10:49  Muscular Augments  
  184  10:56  Roach x5  
  188  11:00  Overlord  
  188  11:02  Drone x2  
  190  11:08  Hydralisk  
  192  11:15  Overlord  
  192  11:16  Overlord  
  188  11:28  Overseer  
  186  11:37  Drone x4  
  186  11:38  Drone x2  
  186  11:39  Hydralisk x4  
  200  11:47  Lurker  
  200  11:51  Infestation Pit  
  199  11:57  Spine Crawler x2  
  197  12:05  Tunneling Claws  
  197  12:08  Lurker x3  
  198  12:18  Queen  
  198  12:31  Hive  
  198  12:33  Roach x2  
  200  12:50  Hatchery  
  195  12:54  Hydralisk  
  195  12:55  Hydralisk x5  
  199  12:58  Roach x19  
  197  13:09  Hydralisk x3  
  177  13:20  Roach x11  
  177  13:24  Roach x9  
  177  13:25  Roach x3  
  184  13:29  Hydralisk  
  184  13:30  Hydralisk x2  
  184  13:32  Roach x3  
  155  13:34  Roach x4  
  155  13:38  Hydralisk  
  155  13:39  Hydralisk x2  
  155  13:40  Roach x6  
  167  13:48  Viper  
  170  13:51  Unknown  
  170  13:52  Unknown x3  
  170  13:56  Extractor x2, Roach  
  170  13:57  Drone x2, Roach x2  
  170  13:58  Drone x4, Overlord x2  
  170  14:02  Overlord  
  174  14:05  Overlord  
  174  14:09  Roach x4  
  182  14:17  Overlord  
  182  14:23  Viper x2, Zerg Missile Weapons Level 3  
  182  14:33  Drone  
  182  14:35  Viper  
  182  14:37  Overseer  
  182  14:38  Roach  
  186  14:39  Roach x2  
  186  14:40  Hydralisk  
  186  14:41  Roach x4  
  196  14:51  Unknown x4  
  194  14:57  Roach x4  
  194  14:59  Roach x15  
  196  15:00  Zerg Ground Armor Level 3  
  190  15:08  Overseer  
  188  15:28  Hydralisk x3  
  188  15:29  Drone x6, Roach x3  
  196  15:40  Overseer  
  158  15:51  Hydralisk x11  
  169  15:57  Unknown x2  
  169  15:58  Unknown  
  169  16:00  Roach x3  
  139  16:12  Roach x4  
  143  16:30  Roach x2  
  143  16:31  Roach x2  
  151  16:39  Drone x5  
  152  16:41  Roach x3  
  152  16:48  Roach x2  
  156  16:54  Roach x2  
  156  16:55  Roach  
  156  16:58  Roach  
  156  16:59  Roach x2  
  156  17:01  Roach x3  
  162  17:07  Drone x3  
  162  17:08  Drone  
  160  17:17  Roach x5  
  160  17:22  Overseer  
  170  17:25  Drone x2  
  170  17:26  Drone  
  167  17:30  Lurker x3  
  167  17:35  Roach  
  166  17:51  Roach x2  
  160  18:01  Roach x3  
  167  18:13  Roach x4  
  167  18:19  Drone x5  
  169  18:20  Drone  
  169  18:23  Overseer  
  169  18:26  Roach x3  
  155  18:28  Hatchery  
  154  18:36  Roach x3  
  158  18:49  Drone x8  
  158  18:50  Unknown x3  
  166  19:06  Roach x5  
  175  19:18  Hydralisk  
  175  19:19  Roach  
  175  19:23  Unknown x3  
  171  19:37  Roach  
  171  19:38  Roach x25  
  136  19:46  Hydralisk  
  136  19:47  Hydralisk  
  138  19:53  Roach x2  
  142  20:07  Viper  
  142  20:09  Hydralisk x3  
  151  20:20  Hydralisk  
  151  20:21  Roach x3  
  159  20:30  Unknown x3  
  159  20:36  Overlord  
  159  20:41  Overlord  
  156  20:46  Roach x15  
  136  20:55  Roach x10  
  140  20:59  Roach  
  140  21:01  Roach  
  140  21:08  Drone x12, Overseer  
  136  21:17  Roach x3  
  142  21:22  Unknown x2  
  134  21:26  Roach x2  
  134  21:28  Roach x13  
  133  21:38  Drone x4, Overlord  
  133  21:43  Hydralisk  
  135  21:57  Roach x5  
  135  21:58  Roach x20  
  145  22:13  Unknown  
  145  22:15  Roach x5  
  151  22:32  Hydralisk x2  
  151  22:33  Extractor, Roach x4  
  151  22:36  Drone x20, Overseer  
  151  22:37  Drone x3  
  144  23:03  Roach x7  
  144  23:09  Roach x14  
  136  23:17  Roach  
  136  23:18  Unknown  
  132  23:23  Unknown x3  
  132  23:30  Lurker x4  
  132  23:31  Roach x6  
  132  23:32  Lurker  
  132  23:33  Adaptive Talons  
  137  23:41  Overseer  
  137  23:44  Roach x6  
  137  23:46  Roach  
  137  23:47  Roach  
  137  23:48  Roach x4  
  149  24:03  Overseer  
  149  24:04  Roach x5  
  149  24:09  Drone x3  
  162  24:10  Extractor  
  162  24:15  Roach  
  162  24:16  Roach x3  
  169  24:18  Hatchery  
  164  24:27  Unknown  
  164  24:38  Roach x7  
  165  24:50  Overlord  
  165  24:52  Overlord  
  161  24:55  Roach x4  
  165  25:01  Overseer  
  163  25:13  Roach x7  
  167  25:29  Roach x6  
  160  25:45  Roach x6  
  156  25:57  Hydralisk x2  
  156  25:58  Roach x2  
  162  26:06  Hydralisk x2  
  154  26:31  Hatchery  
Show
View Real Time Build Order
Export as new Build Order

Stephano Zerg 

Build Orders: Hatch First 

Get SALT Encoding   

  12  0:00  Drone  
  13  0:13  Overlord  
  13  0:18  Drone  
  14  0:31  Drone x2  
  14  0:35  Drone  
  17  0:51  Hatchery  
  17  0:54  Drone  
  17  0:58  Drone  
  18  1:09  Extractor  
  17  1:12  Spawning Pool  
  17  1:15  Drone  
  17  1:18  Drone  
  18  1:29  Drone  
  19  1:39  Overlord  
  19  1:50  Drone  
  20  1:58  Queen  
  20  2:01  Drone  
  23  2:02  Queen  
  23  2:03  Drone  
  26  2:09  Metabolic Boost  
  26  2:11  Zergling x2  
  26  2:14  Zergling x2  
  28  2:23  Drone  
  28  2:26  Drone  
  30  2:33  Hatchery  
  29  2:39  Baneling Nest  
  29  2:40  Zergling x2  
  29  2:45  Drone  
  30  2:52  Overlord  
  30  2:55  Drone x2  
  32  3:02  Queen  
  34  3:06  Drone  
  34  3:07  Drone  
  34  3:12  Drone  
  37  3:13  Zergling x2  
  37  3:14  Zergling x2  
  37  3:16  Drone  
  40  3:20  Overlord  
  40  3:22  Baneling  
  40  3:23  Baneling  
  40  3:26  Zergling x2  
  41  3:29  Overlord  
  41  3:33  Baneling  
  41  3:35  Drone x2  
  41  3:39  Drone  
  44  3:43  Overlord  
  44  3:45  Drone  
  44  3:47  Drone x2  
  44  3:48  Drone  
  48  3:50  Drone  
  48  3:52  Baneling  
  48  3:54  Drone  
  50  3:58  Zergling x4  
  52  4:04  Drone x3  
  52  4:05  Drone  
  55  4:10  Extractor x2  
  55  4:11  Evolution Chamber  
  55  4:14  Drone x2  
  55  4:16  Drone x2  
  56  4:18  Drone  
  56  4:34  Drone  
  55  4:38  Drone  
  55  4:39  Drone  
  55  4:44  Drone x4  
  58  4:48  Overlord  
  58  4:50  Zergling x8  
  58  4:51  Drone x2  
  61  4:53  Extractor  
  61  4:54  Drone, Queen  
  61  4:56  Zerg Missile Weapons Level 1  
  61  4:59  Drone x2, Roach Warren  
  63  5:01  Drone  
  63  5:03  Overlord  
  65  5:09  Baneling x2  
  65  5:14  Overlord  
  65  5:18  Drone x3, Overlord  
  68  5:21  Drone  
  68  5:22  Drone, Lair  
  68  5:24  Drone  
  68  5:25  Drone  
  68  5:27  Drone x2  
  74  5:31  Overlord  
  74  5:38  Extractor  
  74  5:40  Extractor  
  74  5:41  Roach x5  
  82  5:53  Overlord  
  82  5:56  Overlord  
  83  5:57  Drone x3  
  83  6:00  Overlord  
  85  6:08  Roach x9  
  101  6:22  Drone x2, Glial Reconstitution  
  101  6:23  Overlord  
  103  6:26  Roach  
  103  6:27  Roach x2  
  103  6:29  Extractor  
  103  6:30  Roach x3  
  114  6:36  Overseer  
  114  6:38  Pneumatized Carapace  
  114  6:39  Overlord  
  114  6:40  Drone  
  114  6:42  Drone  
  114  6:43  Drone x2  
  114  6:46  Roach x3, Hatchery  
  123  6:55  Roach x3  
  123  6:57  Zerg Missile Weapons Level 2  
  129  7:02  Overseer  
  129  7:04  Roach x4  
  129  7:08  Spine Crawler, Roach x2  
  141  7:13  Roach x3  
  146  7:27  Roach x4  
  146  7:29  Overlord  
  141  7:31  Overlord  
  141  7:33  Overlord  
  141  7:36  Roach x5  
  144  7:37  Queen  
  134  7:48  Roach x5  
  139  7:57  Roach x2  
  139  7:58  Roach  
  143  7:59  Tunneling Claws  
  143  8:04  Burrow  
  142  8:13  Roach x6  
  154  8:22  Hydralisk Den  
  153  8:28  Roach x7  
  167  8:35  Overseer  
  167  8:36  Overlord  
  167  8:38  Overlord  
  165  8:46  Roach  
  165  8:47  Roach x5  
  175  8:59  Infestation Pit  
  158  9:10  Roach x2  
  158  9:11  Roach x18  
  162  9:18  Roach x5  
  162  9:19  Roach x4  
  162  9:20  Roach x2  
  162  9:21  Roach x2  
  164  9:24  Roach x2  
  164  9:25  Roach x9  
  164  9:26  Ravager x2, Roach x2  
  164  9:27  Ravager, Roach x4  
  164  9:28  Roach x3, Queen  
  164  9:29  Extractor, Roach x7  
  174  9:32  Roach x3  
  174  9:37  Roach x3  
  174  9:38  Roach  
  174  9:42  Roach x5  
  176  9:46  Roach x2  
  176  9:51  Roach x2  
  168  9:59  Roach  
  159  10:00  Roach x4  
  155  10:10  Hydralisk x5  
  155  10:11  Unknown  
  155  10:15  Zerg Ground Armor Level 1  
  155  10:21  Drone x4  
  155  10:23  Extractor  
  158  10:29  Roach x7  
  158  10:30  Roach x4  
  158  10:35  Hive  
  158  10:38  Hydralisk  
  158  10:39  Hydralisk x4  
  168  10:55  Hydralisk x3  
  168  10:56  Hydralisk  
  176  11:03  Roach x2  
  176  11:06  Roach x8  
  176  11:07  Unknown, Overlord  
  176  11:08  Unknown  
  192  11:12  Evolution Chamber  
  192  11:15  Roach x19  
  192  11:16  Overlord  
  191  11:30  Hydralisk x4  
  199  11:39  Muscular Augments  
  197  11:47  Drone x5  
  197  11:48  Spine Crawler x2  
  198  12:00  Spine Crawler, Zerg Missile Weapons Level 3  
  197  12:13  Zerg Ground Armor Level 2  
  197  12:14  Viper  
  190  12:33  Viper x2  
  190  12:35  Roach  
  190  12:36  Roach x6  
  200  12:42  Overseer  
  200  12:43  Overseer x2  
  200  12:45  Unknown  
  200  12:49  Unknown  
  200  12:52  Unknown  
  200  12:53  Unknown x3  
  196  12:58  Hydralisk  
  196  12:59  Hydralisk  
  196  13:04  Roach  
  196  13:05  Roach  
  200  13:11  Roach x4  
  161  13:28  Roach x8  
  161  13:29  Roach x7  
  175  13:36  Roach x3, Hydralisk x12  
  175  13:40  Roach x24  
  197  13:43  Roach  
  197  13:44  Overlord  
  199  13:55  Hatchery  
  197  14:00  Roach x6  
  190  14:06  Drone x2  
  190  14:08  Overseer  
  190  14:11  Roach x7  
  190  14:14  Roach  
  195  14:30  Drone x5  
  200  14:34  Overseer  
  200  15:12  Spine Crawler  
  200  15:13  Spine Crawler x3, Roach x5  
  196  15:20  Roach x2  
  196  15:21  Roach x2  
  194  15:43  Roach  
  194  15:44  Roach x3  
  194  15:46  Roach  
  164  15:58  Roach x17  
  164  16:00  Roach  
  164  16:01  Roach  
  173  16:04  Roach x10  
  173  16:05  Roach x7  
  186  16:27  Ravager x3  
  186  16:28  Ravager x9, Overlord x2  
  186  16:40  Drone x6  
  186  16:41  Overlord x2  
  186  16:42  Spine Crawler x2  
  186  16:43  Spine Crawler  
  189  16:58  Hydralisk x5  
  197  17:11  Drone  
  191  17:17  Roach x4  
  191  17:18  Roach x2  
  191  17:22  Drone x3  
  194  17:25  Extractor  
  194  17:26  Extractor  
  194  17:27  Viper x3  
  194  17:28  Zerg Ground Armor Level 3  
  198  17:42  Unknown x3, Roach x4  
  198  17:43  Roach x3  
  198  17:44  Roach x3  
  198  17:45  Roach  
  198  17:46  Roach  
  198  17:49  Unknown  
  198  17:50  Roach x3  
  198  17:51  Roach x3  
  194  17:53  Roach x3  
  184  18:12  Roach  
  184  18:13  Roach x8  
  197  18:21  Hydralisk  
  197  18:24  Roach x4, Overlord  
  197  18:25  Roach  
  199  18:31  Spine Crawler  
  198  18:41  Roach  
  196  18:42  Overseer x2  
  196  18:43  Overseer  
  192  18:52  Roach x2  
  186  19:05  Unknown x2  
  186  19:20  Unknown  
  180  19:36  Hydralisk x4  
  180  19:37  Hydralisk x6  
  163  19:39  Roach x8  
  163  19:40  Roach x10  
  166  19:48  Roach x6  
  166  19:51  Hydralisk  
  152  19:59  Ravager x4  
  154  20:04  Ravager x8  
  154  20:05  Drone x10  
  160  20:10  Ravager x10, Roach  
  160  20:11  Ravager  
  171  20:19  Viper x2  
  171  20:20  Unknown  
  177  20:26  Unknown  
  175  20:43  Roach x3  
  123  20:57  Roach x12  
  123  21:01  Roach x3  
  141  21:07  Roach x5  
  141  21:08  Roach  
  151  21:16  Roach  
  151  21:17  Roach x2  
  122  21:38  Hydralisk x7  
  132  21:56  Roach x7  
  132  21:58  Unknown  
  146  22:08  Overseer  
  146  22:13  Roach x2  
  146  22:14  Roach  
  146  22:15  Roach  
  146  22:16  Roach x5  
  146  22:17  Hatchery  
  146  22:20  Unknown  
  151  22:31  Roach x6  
  164  22:38  Roach  
  164  22:39  Roach  
  168  22:46  Hatchery  
  148  23:04  Roach  
  148  23:05  Roach x5  
  135  23:10  Roach x6  
  135  23:11  Roach  
  142  23:14  Roach x2  
  146  23:28  Hydralisk  
  146  23:29  Hydralisk x3  
  154  23:47  Hydralisk x3  
  160  23:51  Drone x2  
  155  24:03  Roach x11  
  155  24:26  Hydralisk x5  
  165  24:36  Roach  
  165  24:37  Roach x5  
  162  24:48  Overseer x3, Overlord  
  162  24:49  Unknown  
  142  25:02  Hydralisk x8  
  154  25:18  Hatchery  
  135  25:36  Roach x6  
  135  25:40  Drone x14  
  134  25:42  Roach  
  118  26:09  Roach x3  
  108  26:14  Roach  
Tags
 
Add a new tag
Caveats
  • Supply blocks, unpowered buildings, or Contaminate may cause inaccurate times.
  • Supply counts are checked every 10 seconds.